 Dungeon Crawl Stone Soup version 0.31-b1-18-g61460d1e46 (webtiles) character file.

Game seed: 8321867680223128288

102 bnorton916 the Conjurer (level 4, -5/24 HPs)
             Began as a Deep Elf Conjurer on Jan 16, 2024.
             Killed by divine providence
             ... invoked by an orc priest
              (15 damage)
             ... on level 4 of the Dungeon.
             The game lasted 00:03:33 (3091 turns).

bnorton916 the Conjurer (Deep Elf Conjurer)         Turns: 3091, Time: 00:03:34

Health: -5/24      AC:  3    Str:  4    XL:     4   Next: 49%
Magic:  19/22      EV: 12    Int: 25    God:
Gold:   129        SH:  0    Dex: 13    Spells: 2/13 levels left

rFire   . . .        x - +4 short sword
rCold   . . .        (no shield)
rNeg    + + .        a - +0 robe
rPois   .            f - +0 helmet
rElec   .            (no cloak)
rCorr   +            (no gloves)
SInv    .            (no boots)
Will    .....        (no amulet)
Stlth   ++           l - ring of Peace {*Slow Fly rN++ rCorr MP+9}
HPRegen 0.24/turn    (no ring)
MPRegen 0.18/turn

%: slow self (1%)
@: flying
A: no striking features
a: no special abilities


You were on level 4 of the Dungeon.
You visited 1 branch of the dungeon, and saw 4 of its levels.

You collected 129 gold pieces.

Inventory:

Hand Weapons
 x - a +4 short sword (weapon)
Armour
 a - a +0 robe (worn)
 f - a +0 helmet (worn)
 i - a +0 buckler
 j - a +2 cloak
 v - a scarf of shadows
Magical Staves
 c - a staff of death
 m - a staff of cold
Jewellery
 l - the ring of Peace (left hand) {*Slow Fly rN++ rCorr MP+9}
   (You found it on level 2 of the Dungeon)

   [ring of magical power]

   rN++:      It greatly protects you from negative energy.
   MP+9:      It affects your magic capacity (+9).
   Fly:       It grants you flight.
   rCorr:     It protects you from acid and corrosion.
   *Slow:     It may slow you when you take damage.
 r - an amulet of the acrobat
 s - an amulet of reflection
Talismans
 y - a serpent talisman
Wands
 o - a wand of roots (12)
 p - a wand of flame (8)
Scrolls
 d - 2 scrolls of teleportation {unknown}
 e - a scroll of acquirement {unknown}
 g - a scroll of identify {unknown}
 h - a scroll of fear {unknown}
 k - a scroll of vulnerability {unknown}
 t - a scroll of enchant weapon {unknown}
 u - a scroll of poison {unknown}
 w - a scroll of torment {unknown}
Potions
 b - a potion of magic
 n - 2 potions of curing {unknown}
 q - a potion of resistance {unknown}


   Skills:
 - Level 2.4 Dodging
 - Level 2.4 Stealth
 + Level 5.0 Spellcasting
 + Level 5.5 Conjurations
 + Level 0.0 Translocations
 + Level 0.0 Alchemy


You had 2 spell levels left.
You knew the following spells:

 Your Spells              Type           Power      Damage    Failure   Level
a - Magic Dart            Conj           100%       1d8       1%          1
b - Searing Ray           Conj           68%        2d6       1%          2
c - Iskenderun's Mystic   Conj/Tloc      20%        2d6       26%         4
d - Fulminant Prism       Conj/Alch      10%        3d8       26%         4

Your spell library contained the following spells:

 Spells                   Type           Power      Damage    Failure   Level


Dungeon Overview and Level Annotations

Branches:
Dungeon (4/15)
 Temple: D:4-7

Altars:
Okawaru

Shops:
D:2 !


Message History

You kill the hobgoblin!
Casting: Magic Dart (safe; 1% risk of failure)
Confirm with . or Enter, or press ? or * to list all spells.
You can't see any susceptible monsters within range! (Use Z to cast anyway.)
Casting: Magic Dart (safe; 1% risk of failure)
Confirm with . or Enter, or press ? or * to list all spells.
You can't see any susceptible monsters within range! (Use Z to cast anyway.) Magic restored. 2 orcs and an orc priest come into view.
There are monsters nearby!
There are monsters nearby!
There are monsters nearby!
Casting: Magic Dart (safe; 1% risk of failure)
Confirm with . or Enter, or press ? or * to list all spells.
Aiming: Magic Dart (safe; 1% risk of failure)
Press: ? - help, Shift-Dir - straight line, f - orc
Aim: an orc, wielding a +0 hand axe (asleep, 100% to hit)
The magic dart hits the orc.
You kill the orc!
The orc priest shouts!
The orc priest calls down the wrath of Beogh upon you.
Beogh smites you!
The orc shouts!
There is a stone staircase leading up here.
Casting: Magic Dart (safe; 1% risk of failure)
Confirm with . or Enter, or press ? or * to list all spells.
Aiming: Searing Ray (safe; 1% risk of failure)
Press: ? - help, Shift-Dir - straight line, f - orc
Aim: an orc, wielding a +0 hand axe (81% to hit)
The searing ray hits the orc.
The orc is severely wounded. (Press . to maintain the ray.)
The orc priest calls down the wrath of Beogh upon you.
Beogh smites you!
The searing ray hits the orc!
You kill the orc!
The orc priest calls down the wrath of Beogh upon you.
Beogh smites you!
Ouch! That really hurt!
You die...

#.....#
#####.#
#o# #.#
#.# #)#
#.# #.#
#@# ###


You could see an orc priest.

Vanquished Creatures
  An orc priest (D:3)
  An adder (D:2)
  A dart slug (D:2)
  6 orcs
  9 endoplasms
  5 goblins
  A hobgoblin (D:4)
  2 quokkas
  5 ball pythons
  4 bats
  9 frilled lizards
  4 kobolds
  9 rats
57 creatures vanquished.

Notes
Turn   | Place    | Note
-------+----------+-------------------------------------------
     0 | D:1      | bnorton916 the Deep Elf Conjurer began the quest for the
                  | Orb.
     0 | D:1      | Reached XP level 1. HP: 10/10 MP: 6/6
   397 | D:1      | Reached XP level 2. HP: 15/15 MP: 5/8
   400 | D:1      | Learned a level 2 spell: Searing Ray
   968 | D:2      | Found Wyfula Elud's Distillery.
  1255 | D:2      | Reached XP level 3. HP: 19/19 MP: 6/10
  1257 | D:2      | Reached skill level 5 in Conjurations
  1370 | D:2      | Identified the ring of Peace {*Slow Fly rN++ rCorr MP+9}
  2288 | D:3      | Found an iron altar of Okawaru.
  2709 | D:3      | Reached XP level 4. HP: 24/24 MP: 12/12
  2712 | D:3      | Reached skill level 5 in Spellcasting
  2881 | D:3      | Learned a level 4 spell: Iskenderun's Mystic Blast
  2886 | D:3      | Learned a level 4 spell: Fulminant Prism
  3091 | D:4      | Killed from afar by an orc priest

Illustrated notes

Levels and vault maps discovered:
D:1:      heliophobic_arrival_henge, layout_basic
D:2:      layout_rooms, serial_shops, shop, hangedman_abyss_or_decor_lesser_grid
D:3:      layout_basic, okawaru_trees_2, kennysheep_generic_room_9
D:4:      layout_basic, gammafunk_temple_overflow_arena,
          minmay_temple_entry_tees

Skill      XL: |  1  2  3  4 |
---------------+-------------+-----
Spellcasting   | 4 5 |  5.0
Conjurations   | 5 |  5.5
Dodging        | |  2.4
Stealth        | |  2.4

Action                     |  1- 3 |  4- 6 || total
---------------------------+-------+-------++-------
   Cast: Magic Dart        |    79 |     2 ||    81
         Searing Ray       |     2 |     2 ||     4
  Dodge: Dodged            |     3 |       ||     3
